 Dungeon Crawl Stone Soup version 0.21.1-1-g345015f (webtiles) character file.

1313 grindst0ne the Fighter (level 8, -7/92 HPs)
             Began as an Ogre Arcane Marksman on Feb 24, 2018.
             Mangled by a wyvern (18 damage)
             ... on level 5 of the Dungeon.
             The game lasted 00:17:39 (6947 turns).

grindst0ne the Fighter (Ogre Arcane Marksman)       Turns: 6947, Time: 00:17:40

Health: -7/92      AC:  3    Str: 15    XL:     8   Next: 58%
Magic:  9/9        EV: 10    Int: 14    God:
Gold:   401        SH:  0    Dex: 11    Spells: 8/9 levels left

rFire    . . .     SeeInvis .   E - +0 dire flail (protect)
rCold    . . .     Gourm    .   (shield currently unavailable)
rNeg     . . .     Faith    .   a - +0 robe
rPois    +         Spirit   .   (helmet restricted)
rElec    .         Reflect  .   (no cloak)
rCorr    +         Harm     .   (gloves unavailable)
MR       .....                  (boots unavailable)
Stlth    +.........             o - amulet of rage
HPRegen  0.25/turn              i - ring of poison resistance
MPRegen  0.11/turn              n - ring of resist corrosion

@: no status effects
A: large, unfitting armour, tough skin 1
a: Evoke Berserk Rage


You were on level 5 of the Dungeon.
You were not hungry.

You visited 1 branch of the dungeon, and saw 5 of its levels.
You also visited: Sewer.

You collected 401 gold pieces.

Inventory:

Hand Weapons
 c - a +1 rapier of freezing
 u - a +1 whip of venom
 w - a +2 dagger of protection
 C - a +1 morningstar of protection
 E - a +0 dire flail of protection (weapon)
 I - a cursed -3 giant club
Missiles
 g - 227 stones
 G - 2 tomahawks (quivered)
Armour
 a - a +0 robe (worn)
Jewellery
 i - a ring of poison resistance (left hand)
 n - a ring of resist corrosion (right hand)
 o - an amulet of rage (around neck)
 v - an uncursed ring of magical power
 F - an uncursed ring of see invisible {unknown}
Wands
 p - a wand of digging (11)
Scrolls
 h - a scroll of noise {unknown}
 k - 4 scrolls of teleportation {unknown}
 l - a scroll of identify
 m - 2 scrolls of blinking {unknown}
 r - 2 scrolls of enchant weapon {unknown}
 s - a scroll of fog {unknown}
 t - 5 scrolls of remove curse
 y - a scroll of amnesia {unknown}
 z - a scroll of magic mapping {unknown}
 J - a scroll of vulnerability {unknown}
Potions
 e - 2 potions of might
 j - 2 potions of mutation
 q - a potion of invisibility
 x - a potion of magic {unknown}
 D - a potion of degeneration
 K - a potion of heal wounds {unknown}
Books
 b - a book of Debilitation

   Spells                             Type                      Level
   a - Corona                         Hexes                        1
   b - Slow                           Hexes                        2
   c - Inner Flame                    Hexes/Fire                   3
   d - Portal Projectile              Hexes/Translocation          3
   e - Cause Fear                     Hexes                        4
   f - Leda's Liquefaction            Hexes/Earth                  4
 A - a book of Conjurations

   Spells                             Type                      Level
   a - Magic Dart                     Conjuration                  1
   b - Searing Ray                    Conjuration                  2
   c - Dazzling Spray                 Conjuration/Hexes            3
   d - Fulminant Prism                Conjuration/Hexes            4
   e - Force Lance                    Conjuration/Translocation    4
   f - Iskenderun's Mystic Blast      Conjuration                  4
Comestibles
 f - 9 rations
 B - 3 chunks of flesh


   Skills:
 + Level 9.4 Fighting
 - Level 7.2 Throwing
 + Level 2.4 Dodging
 - Level 1.2 Spellcasting
 - Level 2.6 Hexes


You had 8 spell levels left.
You knew the following spells:

 Your Spells              Type           Power        Failure   Level  Hunger
a - Corona                Hex            #......      9%          1    ##.....


Dungeon Overview and Level Annotations

Branches:
Dungeon (5/15)
 Temple: D:4-7

Altars:
Fedhas
Sif Muna
Uskayaw
Xom
Zin
The Shining One


Innate Abilities, Weirdness & Mutations

You are too large for most types of armour.
You have tough skin. (AC +1)


Message History

You completely miss the wyvern.
The wyvern is severely wounded.
The bullfrog skeleton hits you. The wyvern bites you.
The bullfrog skeleton hits you. The wyvern bites you!
You closely miss the wyvern.
The wyvern is severely wounded.
The wyvern bites you!
* * * LOW HITPOINT WARNING * * *
The bullfrog skeleton barely misses you.
The wyvern bites you!
* * * LOW HITPOINT WARNING * * *
The bullfrog skeleton hits you.
* * * LOW HITPOINT WARNING * * *
The wyvern closely misses you.
You feel better. The bullfrog skeleton hits you.
* * * LOW HITPOINT WARNING * * *
The wyvern bites you.
* * * LOW HITPOINT WARNING * * *
The wyvern bites you!!
You die...

#### ### ##..#
...###...## .....(....#
#.###..#.## #.###..#..##
##.##..###..## #..#..##
##..## ####
#.#@.#+...##..###... ###
##.l.##.....##..##.## ..#
#.####...##......
##.....# ..#
#>((.(.###...._.. ###...#
._# ..........##......
##...### ..#
########...##.....##..###
..# #.#..##...##..## ###.
#.##..# ##..## ....
#.##...###...#


You could see a wyvern.

Vanquished Creatures
  Eustachio (D:3)
  Edmund (D:5)
  2 ogres
  A centaur (D:5)
  A scorpion (D:4)
  An orc priest (D:5)
  A bullfrog skeleton (D:4)
  Jessica (D:2)
  An iguana (D:5)
  Natasha (D:2)
  An orc wizard (D:5)
  5 worker ants
  A hound skeleton (D:4)
  12 adders
  10 gnolls
  14 oozes
  2 adder skeletons
  4 worms
  3 dart slugs
  16 leopard geckos
  14 orcs
  8 bats
  11 giant cockroaches
  4 goblins
  8 hobgoblins
  8 jackals
  11 kobolds
  A quokka (D:4)
  14 ball pythons
  13 frilled lizards
  A jackal skeleton (D:5)
  7 rats
179 creatures vanquished.

Notes
Turn   | Place    | Note
-------+----------+-------------------------------------------
     0 | D:1      | grindst0ne the Ogre Arcane Marksman began the quest for the Orb.
     0 | D:1      | Reached XP level 1. HP: 19/19 MP: 2/2
   399 | D:1      | Reached skill level 2 in Fighting
   427 | D:1      | Reached XP level 2. HP: 23/28 MP: 3/3
   607 | D:1      | You fall through a shaft!
   698 | D:1      | Reached XP level 3. HP: 31/36 MP: 4/4
   774 | D:1      | Reached skill level 3 in Fighting
  1462 | D:2      | Noticed Natasha
  1463 | D:2      | Killed Natasha
  1463 | D:2      | Reached XP level 4. HP: 30/48 MP: 5/5
  1623 | D:2      | Noticed Jessica
  1627 | D:2      | Killed Jessica
  1627 | D:2      | Reached skill level 4 in Fighting
  1743 | D:2      | Reached XP level 5. HP: 34/55 MP: 6/6
  1888 | D:2      | Found a shimmering altar of Xom.
  1962 | D:2      | Found a faded altar of an unknown god.
  2571 | D:3      | Reached skill level 5 in Fighting
  2812 | D:3      | Found a hide-covered altar of Uskayaw.
  3087 | D:3      | Reached XP level 6. HP: 66/66 MP: 7/7
  3219 | D:3      | Found a glowing silver altar of Zin.
  3313 | D:3      | Found a deep blue altar of Sif Muna.
  3541 | D:4      | Noticed Eustachio
  3787 | D:3      | Killed Eustachio
  3787 | D:3      | Reached skill level 6 in Fighting
  3787 | D:3      | Reached skill level 5 in Throwing
  4060 | D:4      | Reached XP level 7. HP: 70/76 MP: 8/8
  4211 | D:4      | Reached skill level 7 in Fighting
  5400 | D:5      | Entered Level 5 of the Dungeon
  5400 | D:5      | Noticed Edmund
  5407 | D:5      | Killed Edmund
  5407 | D:5      | Reached skill level 8 in Fighting
  5407 | D:5      | Reached XP level 8. HP: 67/88 MP: 9/9
  5526 | D:5      | Found a blossoming altar of Fedhas.
  5637 | D:5      | Found a glowing golden altar of the Shining One.
  5706 | D:5      | Reached skill level 9 in Fighting
  5945 | D:5      | Found a glowing drain.
  5966 | Sewer    | Entered a sewer
  6934 | D:5      | Noticed a wyvern
  6947 | D:5      | Mangled by a wyvern

Skill      XL: |  1  2  3  4  5  6  7  8 |
---------------+-------------------------+-----
Fighting       | 2 3 4 5 6 8 9 |  9.4
Throwing       | 3 4 5 6 7 |  7.2
Dodging        | 2 |  2.4
Spellcasting   | |  1.2
Hexes          | |  2.6

Action                   |  1- 3 |  4- 6 |  7- 9 || total
-------------------------+-------+-------+-------++-------
Melee: Unarmed           |    56 |       |       ||    56
       Club              |    71 |    10 |       ||    81
       Dagger            |       |   269 |   164 ||   433
       Whip              |       |       |    13 ||    13
       Morningstar       |       |       |     8 ||     8
       Dire flail        |       |       |   291 ||   291
Throw: Large rock        |    19 |    22 |     5 ||    46
       Throwing net      |     4 |     1 |       ||     5
       Stone             |       |    16 |     1 ||    17
       Tomahawk          |       |       |     4 ||     4
 Cast: Corona            |       |     3 |       ||     3
  Use: Scroll            |     2 |     1 |     2 ||     5
       Potion            |       |     2 |     6 ||     8
 Stab: Sleeping          |     1 |       |       ||     1
       Held in net/web   |       |     1 |       ||     1
  Eat: Chunk             |     2 |     8 |    11 ||    21
Armor: Robe              |    62 |   181 |   251 ||   494
Dodge: Dodged            |   131 |   239 |   357 ||   727
